 Dungeon Crawl Stone Soup version 0.18-a0-1186-gd02dc51 (webtiles) character file.

2518 George the Carver (level 9, 0/71 HPs)
             Began as a Minotaur Fighter on Jan 28, 2016.
             Was an Initiate of the Shining One.
             Slain by a white ugly thing (30 damage)
             ... on level 8 of the Dungeon.
             The game lasted 00:14:28 (5697 turns).

George the Carver (Minotaur Fighter)                Turns: 5697, Time: 00:14:28

Health: 0/71       AC: 10    Str: 23    XL:     9   Next: 29%
Magic:  8/8        EV:  5    Int:  9    God:    the Shining One [......]
Gold:   395        SH: 15    Dex: 11    Spells: 0 memorised, 8 levels left

rFire  . . .     SeeInvis .     a - +1 long sword
rCold  . . .     Gourm    .     O - +0 chain mail
rNeg   + . .     Faith    .     c - +1 shield
rPois  .         Spirit   .     (helmet restricted)
rElec  .         Dismiss  .     (no cloak)
rCorr  .         Reflect  +     (no gloves)
SustAt .         Harm     .     T - +0 pair of boots
MR     .....                    P - +5 amulet of reflection
Stlth  ..........               w - ring of positive energy
                                i - +4 ring of intelligence

@: drained, not resistant to hostile enchantments, extremely unstealthy
A: retaliatory headbutt, horns 2
a: Renounce Religion


You were on level 8 of the Dungeon.
You worshipped the Shining One.
The Shining One was noncommittal.
You were not hungry.

You visited 2 branches of the dungeon, and saw 9 of its levels.

You collected 395 gold pieces.

Inventory:

Hand Weapons
 a - a +1 long sword (weapon)
Armour
 c - a +1 shield (worn)
 O - a +0 chain mail (worn)
 T - a +0 pair of boots (worn)
Jewellery
 i - a +4 ring of intelligence (left hand)
 p - an uncursed amulet of regeneration
 w - a ring of positive energy (right hand)
 P - a +5 amulet of reflection (around neck)
Wands
 q - a wand of slowing (22/48)
 K - a wand of paralysis (8/24)
Scrolls
 l - 3 scrolls of teleportation
 n - 2 scrolls of remove curse
 G - 2 scrolls of enchant weapon
 S - a scroll of enchant armour
Potions
 s - a potion of heal wounds
 u - 2 potions of magic
 A - a potion of cure mutation
 C - 2 potions of curing
 M - a potion of berserk rage {unknown}
 N - a potion of beneficial mutation {unknown}
Comestibles
 f - 7 bread rations
 v - 4 meat rations
 x - 2 beef jerkies
 E - a royal jelly
 I - a slice of pizza
 Q - a fruit


   Skills:
 + Level 3.9(3.8) Fighting
 + Level 14.2(14.1) Long Blades
 + Level 3.8(3.7) Armour
 + Level 3.9(3.8) Shields
 + Level 0.8(0.7) Invocations


You had 8 spell levels left.
You didn't know any spells.

Dungeon Overview and Level Annotations

Branches:
Dungeon (8/15)             Temple (1/1) D:7
   Lair: D:8-11

Altars:
Ashenzari
Cheibriados
Dithmenos
Elyvilon
Fedhas
Gozag
Kikubaaqudgha
Makhleb
Nemelex Xobeh
Okawaru
Pakellas
Qazlal
Ru
Sif Muna
Trog
Vehumet
Xom
Yredelemnul
Zin
The Shining One

Shops:
D:4 *


Innate Abilities, Weirdness & Mutations

You reflexively headbutt those who attack you in melee.
You have a pair of horns on your head.


Message History

You kill the orc!
You block the giant cockroach's attack.
Items here: )) [ † an enchanted flail; a dagger; a ring mail; an orc corpse You closely miss the white ugly thing.
You hit the white ugly thing.
The white ugly thing is lightly wounded.
The white ugly thing headbutts you but does no damage.
You slash the white ugly thing! You headbutt the white ugly thing.
The white ugly thing is moderately wounded.
You hit the white ugly thing.
The white ugly thing is moderately wounded.
You block the white ugly thing's attack.
Your shield prevents you from hitting the white ugly thing.
The white ugly thing is moderately wounded.
The white ugly thing headbutts you. The white ugly thing freezes you!!
Things that are here:
a club; a dagger The white ugly thing headbutts you.
The white ugly thing freezes you!!
You die...

##...## ##.....##
#.......# #<......#
#.......# ##.....##
# ##...## ..#
##.###########._...
#.....@us)o.......
#############.....
###


You could see a white ugly thing, an orc and a giant cockroach.

Vanquished Creatures
  Sigmund (D:5)
  An ice beast (D:7)
  2 orc warriors
  A black bear (D:5)
  2 sky beasts
  A centaur (D:5)
  An ogre (D:7)
  Blork the orc (D:4)
  A giant frog (D:6)
  A gnoll sergeant (D:5)
  A scorpion (D:7)
  5 wights
  3 crimson imps
  4 centaur skeletons
  A centaur zombie (D:6)
  3 orc priests
  4 giant frog skeletons
  3 hounds
  3 orc wizards
  Terence (D:2)
  Natasha (thrice) (D:3)
  2 worker ants
  A killer bee zombie (D:7)
  The ghost of asdu the Cudgeler, a weakling OgBe of Trog (D:4)
  A hound zombie (D:8)
  A hound skeleton (D:4)
  10 gnolls
  8 adders
  A shadow imp (D:7)
  2 oozes
  An adder skeleton (D:7)
  2 adder zombies (D:6)
  A worm (D:2)
  2 giant geckos
  34 orcs
  8 bats
  6 giant cockroaches
  9 goblins
  11 hobgoblins
  12 jackals
  7 kobolds
  5 quokkas
  3 ball pythons
  A giant gecko skeleton (D:4)
  6 giant newts
  A quokka skeleton (D:4)
  5 rats
184 creatures vanquished.

Notes
Turn   | Place    | Note
--------------------------------------------------------------
     0 | D:1      | George the Minotaur Fighter began the quest for the Orb.
     0 | D:1      | Reached XP level 1. HP: 19/19 MP: 0/0
   136 | D:1      | Reached XP level 2. HP: 17/26 MP: 1/1
   576 | D:2      | Reached skill level 4 in Long Blades
   599 | D:2      | Noticed Terence
   612 | D:2      | Killed Terence
   612 | D:2      | Reached XP level 3. HP: 23/31 MP: 2/2
   952 | D:2      | Reached skill level 5 in Long Blades
  1103 | D:2      | Reached XP level 4. HP: 39/39 MP: 3/3
  1375 | D:3      | Found a blossoming altar of Fedhas.
  1414 | D:3      | Reached skill level 6 in Long Blades
  1429 | D:3      | HP: 2/58 [poisoned by a kobold]
  1622 | D:3      | Reached XP level 5. HP: 45/45 MP: 4/4
  1904 | D:3      | Noticed Natasha
  1934 | D:3      | Killed Natasha
  1934 | D:3      | Reached skill level 7 in Long Blades
  2176 | D:3      | Noticed Natasha
  2179 | D:3      | Killed Natasha
  2199 | D:3      | Reached XP level 6. HP: 51/51 MP: 5/5
  2235 | D:3      | Noticed Natasha
  2242 | D:3      | Killed Natasha
  2292 | D:4      | Reached skill level 8 in Long Blades
  2465 | D:4      | Noticed asdu's ghost (weakling OgBe)
  2474 | D:4      | Killed asdu's ghost
  2481 | D:4      | Found Serurchoata's Assorted Antiques.
  2546 | D:4      | Reached skill level 9 in Long Blades
  2557 | D:4      | Noticed Blork the orc
  2572 | D:4      | Killed Blork the orc
  2572 | D:4      | Reached XP level 7. HP: 35/57 MP: 6/6
  3094 | D:5      | Entered Level 5 of the Dungeon
  3094 | D:5      | Found a shimmering altar of Xom.
  3153 | D:5      | Reached skill level 10 in Long Blades
  3373 | D:5      | Noticed Sigmund
  3395 | D:5      | Killed Sigmund
  3395 | D:5      | Reached skill level 11 in Long Blades
  3395 | D:5      | Reached XP level 8. HP: 12/64 MP: 7/7
  4067 | D:6      | Reached skill level 12 in Long Blades
  4343 | D:5      | Reached skill level 13 in Long Blades
  4821 | D:7      | Reached XP level 9. HP: 61/70 MP: 8/8
  5068 | D:7      | Found a shattered altar of Ashenzari.
  5182 | D:7      | Reached skill level 14 in Long Blades
  5395 | D:7      | Found a staircase to the Ecumenical Temple.
  5407 | Temple   | Entered the Ecumenical Temple
  5497 | Temple   | Became a worshipper of the Shining One
  5675 | D:8      | Found a snail-covered altar of Cheibriados.
  5684 | D:8      | Noticed a white ugly thing
  5697 | D:8      | Slain by a white ugly thing

Vault maps used:
D:1:      tarquinn_simple_flora_water_e, corner_web_ring,
          grunt_decor_mini_mirrors, minmay_misc_feat_nine_boxes,
          minmay_misc_feat_chi
D:2:      minmay_close_crescents, uniq_terence
D:3:      grunt_decor_arrowhead, fedhas_altar_3, uniq_natasha
D:4:      serial_shops, shop, serial_bayou_ford_a, uniq_blork_the_orc
D:5:      basic_altar, first_bread, uniq_sigmund
D:7:      cheibrodos_ashenzari_chains, minmay_temple_entry_statues_pillars
D:8:      hangedman_cross_cluster, grunt_livestock, cheibriados_altar_1
Temple:   kilobyte_greek_temple_18

Action                   |  1- 3 |  4- 6 |  7- 9 || total
-------------------------+-------+-------+-------++-------
Melee: Long sword        |   105 |   201 |   327 ||   633
  Use: Potion            |       |     4 |     1 ||     5
       Scroll            |       |     9 |     1 ||    10
  Eat: Chunk             |     1 |     4 |    11 ||    16
